 Dungeon Crawl Stone Soup version 0.21-a0-528-gf531e82 (webtiles) character file.

247 slep the Chopper (level 6, -2/32 HPs)
             Began as a Vine Stalker Fighter on Dec 9, 2017.
             Killed by divine providence
             ... invoked by an orc priest
              (13 damage)
             ... on level 3 of the Dungeon.
             The game lasted 00:04:05 (1182 turns).

slep the Chopper (Vine Stalker Fighter)             Turns: 1182, Time: 00:04:06

Health: -2/32      AC:  6    Str: 18    XL:     6   Next: 11%
Magic:  0/7        EV: 10    Int:  8    God:
Gold:   76         SH:  7    Dex: 16    Spells: 5/5 levels left

rFire    . . .     SeeInvis .   a - +0 war axe
rCold    . . .     Gourm    .   p - +2 buckler
rNeg     . . .     Faith    .   b - +0 scale mail
rPois    .         Spirit   +   (no helmet)
rElec    .         Reflect  .   (no cloak)
rCorr    .         Harm     +   (no gloves)
MR       .....                  (no boots)
Stlth    ..........             j - amulet of harm
HPRegen  0.50/turn              (no ring)
MPRegen  0.10/turn              (no ring)

@: no status effects
A: fangs 2, regeneration 1, magic shield, antimagic bite, no potion heal 3, rot
immunity
a: no special abilities


You were on level 3 of the Dungeon.
You were not hungry.

You visited 1 branch of the dungeon, and saw 3 of its levels.

You collected 76 gold pieces.

Inventory:

Hand Weapons
 a - a +0 war axe (weapon)
Missiles
 r - 8 tomahawks (quivered)
Armour
 b - a +0 scale mail (worn)
 c - a +0 shield
 p - a +2 buckler (worn)
Jewellery
 j - an amulet of harm (around neck)
 s - an uncursed amulet of guardian spirit {unknown}
Scrolls
 e - a scroll of enchant weapon {unknown}
 g - 2 scrolls of enchant armour {unknown}
 l - 4 scrolls of identify {unknown}
 n - a scroll of remove curse {unknown}
 o - a scroll of immolation {unknown}
Potions
 d - a potion of might
 h - 2 potions of curing {unknown}
 i - a potion of degeneration {unknown}
 k - a potion of magic {unknown}
 m - a potion of cancellation {unknown}
Comestibles
 f - a bread ration
 q - 2 meat rations


   Skills:
 + Level 3.3 Fighting
 + Level 4.0 Axes
 + Level 3.1 Armour
 + Level 1.0 Dodging
 + Level 0.5 Stealth
 + Level 3.3 Shields


You had 5 spell levels left.
You didn't know any spells.

Dungeon Overview and Level Annotations

Branches:
Dungeon (3/15)

Altars:
Ashenzari


Innate Abilities, Weirdness & Mutations

You have extremely sharp teeth.
Your natural rate of healing is unusually fast.
When hurt, damage is shared between your health and your magic reserves.
Your bite disrupts and absorbs the magic of your enemies.
Potions cannot restore your health.
You are immune to rotting.


Message History

The orc priest picks up a hunting sling.
The orc priest wields a hunting sling.
An orc priest comes into view. It is wielding a whip of electrocution.
The orc priest shouts!
The orc priest mumbles some strange prayers to Beogh against you.
Beogh smites you!
Ouch! That really hurt!
An orc comes into view. It is wielding a short sword.
The orc priest casts a cantrip, but nothing happens.
The orc priest miscasts a cantrip.
An orc comes into view. It is wielding a club.
The orc shouts!
The orc priest miscasts a cantrip.
An orc comes into view. It is wielding a short sword.
The orc shouts!
The orc priest invokes the aid of Beogh against you.
Beogh smites you!
The orc priest calls down the wrath of Beogh upon you.
Beogh smites you!
You die...

#.# #. ##.##### ##
##..>...####
####...........
.....#.....####
#.....#.# ##......#
###############.#####
..ooooo@........#
#################


You could see 2 orc priests and 3 orcs.

Vanquished Creatures
  Sigmund (D:2)
  3 adders (D:2)
  3 oozes (D:1)
  A worm (D:2)
  A dart slug (D:2)
  2 leopard geckos
  A giant cockroach (D:3)
  2 goblins (D:2)
  9 hobgoblins
  4 jackals (D:1)
  A quokka (D:2)
  5 bats
  3 frilled lizards
  3 kobolds
  A rat (D:2)
40 creatures vanquished.

Notes
Turn   | Place    | Note
-------+----------+-------------------------------------------
     0 | D:1      | slep the Vine Stalker Fighter began the quest for the Orb.
     0 | D:1      | Reached XP level 1. HP: 11/11 MP: 2/2
    46 | D:1      | Reached XP level 2. HP: 13/16 MP: 3/3
    50 | D:1      | Found a shattered altar of Ashenzari.
    68 | D:1      | Reached skill level 2 in Axes
   307 | D:1      | Reached XP level 3. HP: 12/20 MP: 2/4
   789 | D:2      | Gained mutation: Your natural rate of healing is unusually fast. [Vine Stalker growth]
   789 | D:2      | Reached XP level 4. HP: 22/24 MP: 5/5
   824 | D:2      | Noticed Sigmund
   836 | D:2      | Killed Sigmund
   836 | D:2      | Reached skill level 3 in Axes
   836 | D:2      | Reached skill level 1 in Dodging
   836 | D:2      | Reached XP level 5. HP: 18/28 MP: 6/6
   836 | D:2      | Reached XP level 6. HP: 20/32 MP: 7/7
  1123 | D:3      | Reached skill level 4 in Axes
  1182 | D:3      | Killed from afar by an orc priest

Vault maps used:
D:1:      roderic_dead_forest, hangedman_abyss_or_decor_lesser_grid,
          evilmike_ruin_ashenzari
D:2:      uniq_sigmund
D:3:      chequers_ecumenical_altar_twisty, tgw_xom, uniq_terence, uniq_natasha,
          uniq_jessica, uniq_robin

Skill      XL: |  1  2  3  4  5  6 |
---------------+-------------------+-----
Axes           | 2 3 4 |  4.0
Fighting       | 3 |  3.3
Shields        | 3 |  3.3
Armour         | 3 |  3.1
Dodging        | 1 |  1.0
Stealth        | |  0.5

Action                   |  1- 3 |  4- 6 || total
-------------------------+-------+-------++-------
Melee: War axe           |    68 |    38 ||   106
       Bite              |    17 |    12 ||    29
  Eat: Chunk             |       |     1 ||     1
Armor: Scale mail        |    40 |    11 ||    51
Dodge: Dodged            |    25 |    25 ||    50
Block: Shield            |    19 |       ||    19
       Buckler           |     6 |    16 ||    22

Table legend:
 A = Spawn XP
 B = Non-spawn XP
 C = Spawn XP percentage of total XP
 D = Spawn monster count
 E = Non-spawn monster count
 F = Spawn count percentage of total count
 G = Total turns spent on level
                    A         B        C        D         E        F      G
               +---------+---------+-------+---------+---------+-------+---------
         Total |       0 |     354 |   0.0 |       0 |      40 |   0.0 |  1182
               +---------+---------+-------+---------+---------+-------+---------
           D:1 |       0 |      48 |   0.0 |       0 |      19 |   0.0 |   639
           D:2 |       0 |     301 |   0.0 |       0 |      18 |   0.0 |   478
           D:3 |       0 |       5 |   0.0 |       0 |       3 |   0.0 |    65
               +---------+---------+-------+---------+---------+-------+---------
